[ AOE2 MATCH · #505455165 ]
UnrankedBulgarians vs Poles
Player's team · LOSS
Rival team · WIN
[ REPLAY ANALYSIS · EXTRACTED FROM THE RECORDED GAME ]
Feudal
8:50
Castle
22:39
Imperial
38:35
| APM avg | 87.6 |
| APM peak | 157 |
| eAPM avg | 44.7 |
| Villagers / military | 319 / 434 |
Focus
⚔️ 39.0% · 🌾 61.0%
Spearman ×120 · Militia ×117 · Knight ×116 · Battering Ram ×28 · Skirmisher ×23 · Scout Cavalry ×19
Feudal
8:08
Castle
22:00
Imperial
37:39
| APM avg | 61.6 |
| APM peak | 104 |
| eAPM avg | 38.1 |
| Villagers / military | 169 / 519 |
Focus
⚔️ 50.8% · 🌾 49.2%
Scout Cavalry ×146 · Obuch ×136 · Knight ×101 · Spearman ×81 · Cavalry Archer ×28 · Skirmisher ×11
Match map
Initial resources + every placement click. Lines = walls · curves = elevation contours. ◆ gold · ⬟ stone · ● berries · ✦ relic · ◌ wall gap
Your base· Open — 3t gap
GAX | TWO9's base· Open — 2t gap
Smoothed initial terrain · ◌ = detected wall gap · hover for details
Inputs per minute
— jsemosoom - - GAX | TWO9
Build order — jsemosoom
First 150 of 1187 actions detected
| 0:00 | Create | Villager (Male) |
| 0:01 | Create | Villager (Male) |
| 0:01 | Create | Villager (Male) |
| 0:01 | Create | Villager (Male) |
| 0:04 | Build | House |
| 0:06 | Build | House |
| 1:22 | Create | Villager (Male) |
| 1:53 | Create | Villager (Male) |
| 1:54 | Create | Villager (Male) |
| 2:26 | Create | Villager (Male) |
| 2:26 | Create | Villager (Male) |
| 2:26 | Create | Villager (Male) |
| 2:44 | Build | Lumber Camp |
| 3:00 | Create | Villager (Male) |
| 3:04 | Create | Villager (Male) |
| 3:04 | Create | Villager (Male) |
| 3:47 | Build | House |
| 3:55 | Create | Villager (Male) |
| 3:59 | Create | Villager (Male) |
| 3:59 | Create | Villager (Male) |
| 4:41 | Create | Villager (Male) |
| 5:07 | Create | Villager (Male) |
| 5:12 | Build | House |
| 5:44 | Build | Barracks |
| 6:05 | Create | Villager (Male) |
| 6:39 | Research | Feudal Age |
| 6:39 | Research | Feudal Age |
| 6:43 | Create | Militia |
| 7:01 | Create | Militia |
| 7:01 | Create | Militia |
| 7:22 | Create | Militia |
| 7:32 | Build | House |
| 7:42 | Create | Villager (Male) |
| 7:52 | Research | Loom |
| 8:01 | Create | Villager (Male) |
| 8:50 | Age | Feudal Age |
| 8:54 | Build | Archery Range |
| 9:02 | Build | Mill |
| 9:22 | Create | Villager (Male) |
| 9:23 | Create | Spearman |
| 9:37 | Build | House |
| 9:46 | Research | Double-Bit Axe |
| 9:48 | Create | Villager (Male) |
| 9:53 | Create | Skirmisher |
| 10:13 | Create | Skirmisher |
| 10:15 | Create | Villager (Male) |
| 10:16 | Create | Spearman |
| 10:22 | Build | House |
| 10:32 | Create | Villager (Male) |
| 10:34 | Build | Farm |
| 10:41 | Create | Skirmisher |
| 10:55 | Create | Spearman |
| 11:02 | Create | Villager (Male) |
| 11:23 | Create | Villager (Male) |
| 11:36 | Create | Villager (Male) |
| 11:38 | Build | Farm |
| 11:42 | Build | Farm |
| 11:42 | Create | Skirmisher |
| 11:43 | Create | Spearman |
| 11:58 | Create | Villager (Male) |
| 12:13 | Create | Skirmisher |
| 12:15 | Create | Villager (Male) |
| 12:16 | Create | Skirmisher |
| 12:26 | Create | Skirmisher |
| 12:32 | Create | Villager (Male) |
| 12:34 | Build | Farm |
| 12:34 | Build | Farm |
| 12:35 | Build | Farm |
| 12:40 | Create | Villager (Male) |
| 12:41 | Build | Farm |
| 12:42 | Build | Farm |
| 12:57 | Build | House |
| 13:07 | Create | Villager (Male) |
| 13:08 | Create | Spearman |
| 13:12 | Build | Farm |
| 13:15 | Create | Villager (Male) |
| 13:24 | Create | Spearman |
| 13:34 | Create | Villager (Male) |
| 13:43 | Build | Farm |
| 13:52 | Create | Villager (Male) |
| 13:56 | Build | Farm |
| 13:56 | Build | Farm |
| 14:14 | Create | Villager (Male) |
| 14:25 | Create | Villager (Male) |
| 14:27 | Build | Farm |
| 14:28 | Build | Farm |
| 14:47 | Create | Villager (Male) |
| 14:59 | Create | Villager (Male) |
| 15:04 | Create | Skirmisher |
| 15:11 | Build | Stable |
| 15:30 | Create | Skirmisher |
| 15:31 | Research | Horse Collar |
| 15:35 | Build | House |
| 15:39 | Create | Villager (Male) |
| 15:41 | Build | Farm |
| 15:51 | Create | Skirmisher |
| 16:10 | Create | Scout Cavalry |
| 16:15 | Build | Blacksmith |
| 16:18 | Build | House |
| 16:28 | Create | Villager (Male) |
| 16:30 | Create | Scout Cavalry |
| 16:33 | Build | Farm |
| 16:58 | Create | Villager (Male) |
| 17:01 | Research | Scale Mail Armor |
| 17:01 | Research | Scale Mail Armor |
| 17:10 | Create | Villager (Male) |
| 17:13 | Create | Scout Cavalry |
| 17:15 | Build | Farm |
| 17:16 | Build | Farm |
| 17:21 | Create | Villager (Male) |
| 17:24 | Build | Mining Camp |
| 17:40 | Create | Villager (Male) |
| 18:01 | Create | Scout Cavalry |
| 18:15 | Build | Farm |
| 18:17 | Build | Market |
| 18:20 | Create | Spearman |
| 18:24 | Build | House |
| 18:24 | Build | House |
| 18:44 | Create | Scout Cavalry |
| 18:44 | Create | Scout Cavalry |
| 18:50 | Build | Farm |
| 19:21 | Create | Villager (Male) |
| 19:28 | Build | Mining Camp |
| 19:44 | Research | Scale Barding Armor |
| 19:44 | Research | Scale Barding Armor |
| 19:59 | Research | Castle Age |
| 20:05 | Create | Scout Cavalry |
| 20:19 | Research | Forging |
| 20:19 | Research | Forging |
| 20:22 | Build | House |
| 20:42 | Research | Bloodlines |
| 20:45 | Create | Scout Cavalry |
| 20:47 | Build | Lumber Camp |
| 20:55 | Build | House |
| 20:56 | Build | House |
| 21:08 | Create | Villager (Male) |
| 21:23 | Create | Scout Cavalry |
| 22:16 | Build | Stable |
| 22:20 | Create | Villager (Male) |
| 22:39 | Age | Castle Age |
| 22:43 | Create | Knight |
| 22:43 | Create | Knight |
| 22:49 | Research | Chain Barding Armor |
| 22:51 | Build | Farm |
| 22:51 | Build | Farm |
| 22:53 | Build | Lumber Camp |
| 23:04 | Create | Knight |
| 23:05 | Create | Villager (Male) |
| 23:22 | Create | Villager (Male) |
| 23:23 | Create | Knight |
Build order — GAX | TWO9
First 150 of 942 actions detected
| 0:00 | Create | Villager (Male) |
| 0:01 | Create | Villager (Male) |
| 0:01 | Create | Villager (Male) |
| 0:02 | Build | House |
| 0:03 | Build | House |
| 0:11 | Create | Villager (Male) |
| 0:12 | Create | Villager (Male) |
| 1:22 | Create | Villager (Male) |
| 1:49 | Create | Villager (Male) |
| 2:13 | Create | Villager (Male) |
| 2:16 | Build | Lumber Camp |
| 2:40 | Create | Villager (Male) |
| 2:45 | Create | Villager (Male) |
| 3:11 | Create | Villager (Male) |
| 3:51 | Build | House |
| 4:04 | Create | Villager (Male) |
| 4:25 | Create | Villager (Male) |
| 4:48 | Build | Mill |
| 4:52 | Create | Villager (Male) |
| 5:00 | Research | Loom |
| 5:58 | Research | Feudal Age |
| 5:58 | Research | Feudal Age |
| 6:41 | Build | Barracks |
| 7:19 | Create | Villager (Male) |
| 7:37 | Build | Palisade Wall |
| 7:38 | Build | Palisade Wall |
| 7:39 | Build | Palisade Wall |
| 8:07 | Create | Villager (Male) |
| 8:08 | Age | Feudal Age |
| 8:10 | Build | Stable |
| 8:11 | Build | House |
| 8:27 | Research | Double-Bit Axe |
| 8:38 | Create | Villager (Male) |
| 8:57 | Create | Villager (Male) |
| 9:05 | Create | Villager (Male) |
| 9:12 | Create | Scout Cavalry |
| 9:15 | Build | Archery Range |
| 9:42 | Create | Scout Cavalry |
| 9:53 | Create | Villager (Male) |
| 10:03 | Build | Farm |
| 10:04 | Build | Farm |
| 10:11 | Create | Skirmisher |
| 10:11 | Create | Skirmisher |
| 10:12 | Create | Skirmisher |
| 10:45 | Build | Farm |
| 10:46 | Create | Villager (Male) |
| 10:57 | Create | Villager (Male) |
| 11:13 | Build | Farm |
| 11:17 | Create | Skirmisher |
| 11:37 | Create | Skirmisher |
| 11:38 | Create | Villager (Male) |
| 11:41 | Build | House |
| 12:15 | Create | Villager (Male) |
| 12:16 | Create | Skirmisher |
| 12:27 | Create | Villager (Male) |
| 12:29 | Build | Farm |
| 12:34 | Create | Skirmisher |
| 12:39 | Build | Farm |
| 12:45 | Build | Blacksmith |
| 13:04 | Build | House |
| 13:09 | Create | Villager (Male) |
| 13:30 | Create | Villager (Male) |
| 13:32 | Build | House |
| 13:33 | Build | House |
| 13:36 | Research | Fletching |
| 13:36 | Research | Fletching |
| 13:42 | Create | Scout Cavalry |
| 13:56 | Create | Villager (Male) |
| 14:15 | Create | Villager (Male) |
| 14:20 | Build | House |
| 14:25 | Create | Skirmisher |
| 15:02 | Create | Villager (Male) |
| 15:08 | Create | Villager (Male) |
| 15:11 | Build | Mill |
| 15:12 | Build | Farm |
| 15:13 | Build | Farm |
| 15:13 | Build | Farm |
| 15:16 | Create | Skirmisher |
| 15:17 | Create | Villager (Male) |
| 15:21 | Build | Watch Tower |
| 15:27 | Create | Scout Cavalry |
| 15:28 | Create | Scout Cavalry |
| 15:46 | Create | Skirmisher |
| 15:55 | Create | Villager (Male) |
| 15:57 | Build | Farm |
| 15:57 | Build | Farm |
| 16:05 | Build | Mining Camp |
| 16:25 | Build | Mill |
| 16:46 | Create | Villager (Male) |
| 16:52 | Build | Market |
| 17:09 | Create | Villager (Male) |
| 17:37 | Create | Scout Cavalry |
| 18:05 | Create | Villager (Male) |
| 18:16 | Build | Farm |
| 18:17 | Build | Farm |
| 18:19 | Create | Villager (Male) |
| 18:23 | Build | Archery Range |
| 18:36 | Create | Spearman |
| 18:48 | Create | Skirmisher |
| 19:20 | Research | Castle Age |
| 19:29 | Create | Archer |
| 19:29 | Create | Archer |
| 19:30 | Create | Archer |
| 19:52 | Create | Scout Cavalry |
| 20:00 | Create | Archer |
| 20:14 | Create | Scout Cavalry |
| 20:21 | Build | Farm |
| 20:32 | Create | Archer |
| 20:35 | Build | Farm |
| 20:57 | Build | Lumber Camp |
| 21:28 | Build | Palisade Wall |
| 21:29 | Build | Palisade Wall |
| 21:32 | Build | House |
| 21:36 | Build | House |
| 21:43 | Build | Palisade Wall |
| 21:47 | Create | Villager (Male) |
| 22:00 | Age | Castle Age |
| 22:02 | Create | Knight |
| 22:02 | Create | Knight |
| 22:03 | Create | Villager (Male) |
| 22:44 | Create | Villager (Male) |
| 22:47 | Create | Knight |
| 22:51 | Create | Cavalry Archer |
| 22:51 | Create | Cavalry Archer |
| 22:53 | Create | Villager (Male) |
| 22:55 | Create | Villager (Male) |
| 23:07 | Create | Villager (Male) |
| 23:13 | Build | House |
| 23:19 | Build | Palisade Wall |
| 23:36 | Create | Villager (Male) |
| 23:59 | Build | Town Center |
| 24:00 | Create | Villager (Male) |
| 24:03 | Create | Cavalry Archer |
| 24:03 | Create | Cavalry Archer |
| 24:22 | Build | Monastery |
| 24:27 | Research | Bodkin Arrow |
| 24:27 | Research | Bodkin Arrow |
| 24:36 | Build | Farm |
| 24:48 | Create | Villager (Male) |
| 25:10 | Create | Cavalry Archer |
| 25:10 | Create | Cavalry Archer |
| 25:14 | Create | Cavalry Archer |
| 25:15 | Create | Cavalry Archer |
| 25:16 | Build | Farm |
| 25:17 | Create | Villager (Male) |
| 25:30 | Create | Villager (Male) |
| 25:41 | Create | Villager (Male) |
| 25:55 | Build | Monastery |
| 25:59 | Create | Villager (Male) |
| 26:09 | Create | Villager (Male) |
Match timeline
| 5:44 | jsemosoom · first_building Barracks |
| 6:41 | GAX | TWO9 · first_building Barracks |
| 7:37 | GAX | TWO9 · wall_segment Palisade Wall x1 |
| 7:38 | GAX | TWO9 · wall_segment Palisade Wall x1 |
| 7:39 | GAX | TWO9 · wall_segment Palisade Wall x1 |
| 8:08 | GAX | TWO9 · age_up feudal |
| 8:10 | GAX | TWO9 · first_building Stable |
| 8:50 | jsemosoom · age_up feudal |
| 8:54 | jsemosoom · first_building Archery Range |
| 9:15 | GAX | TWO9 · first_building Archery Range |
| 15:11 | jsemosoom · first_building Stable |
| 18:52 | GAX | TWO9 · first_market_sell 100 wood |
| 18:53 | GAX | TWO9 · first_market_buy 100 food |
| 19:31 | jsemosoom · first_market_sell 100 wood |
| 20:35 | jsemosoom · first_market_buy 100 food |
| 21:28 | GAX | TWO9 · wall_segment Palisade Wall x1 |
| 21:29 | GAX | TWO9 · wall_segment Palisade Wall x1 |
| 21:43 | GAX | TWO9 · wall_segment Palisade Wall x1 |
| 22:00 | GAX | TWO9 · age_up castle |
| 22:39 | jsemosoom · age_up castle |
| 23:19 | GAX | TWO9 · wall_segment Palisade Wall x1 |
| 24:22 | GAX | TWO9 · first_building Monastery |
| 26:46 | jsemosoom · wall_segment Palisade Wall x1 |
| 27:39 | GAX | TWO9 · wall_segment Palisade Wall x1 |
| 29:48 | jsemosoom · first_building Monastery |
| 33:18 | GAX | TWO9 · first_building Siege Workshop |
| 34:18 | jsemosoom · first_building Krepost |
| 37:07 | GAX | TWO9 · first_building Castle |
| 37:39 | GAX | TWO9 · age_up imperial |
| 38:35 | jsemosoom · age_up imperial |
| 39:22 | jsemosoom · first_building Castle |
| 45:35 | jsemosoom · first_building Siege Workshop |
| 52:13 | jsemosoom · wall_segment Stone Wall x3 |
| 60:53 | GAX | TWO9 · wall_segment Stone Wall x1 |
| 60:55 | GAX | TWO9 · wall_segment Stone Wall x1 |
| 66:40 | jsemosoom · resign |
[ AI ANALYSIS · 1 CREDIT ]
What really happened in this match?
Wolo.gg analyzes every decision: build order, eco, micro, common mistakes by bracket. Personalized analysis on WhatsApp or Discord in 30 seconds.
Civ guide
Bulgarians
Perfil
Jugador #2388792